 Dungeon Crawl Stone Soup version 0.20-a0-1116-gaa52201 (webtiles) character file.

1380 MenacingMecha the Carver (level 8, 0/54 HPs)
             Began as a Barachi Ice Elementalist on May 6, 2017.
             Slain by a killer bee (5 damage)
             ... on level 6 of the Dungeon.
             The game lasted 00:28:26 (8691 turns).

MenacingMecha the Carver (Barachi Ice Elementalist) Turns: 8691, Time: 00:28:26

Health: 0/54       AC:  5    Str: 11    XL:     8   Next: 66%
Magic:  11/11      EV: 12    Int: 15    God:
Gold:   315        SH:  0    Dex: 14    Spells: 5/11 levels left

rFire    . . .     SeeInvis .   a - +3 short sword (elec)
rCold    + . .     Gourm    +   (no shield)
rNeg     . . .     Faith    .   s - +0 leather armour
rPois    .         Spirit   .   (helmet restricted)
rElec    .         Reflect  .   G - scarf {cloud immunity}
rCorr    +         Harm     .   t - +0 pair of gloves
MR       .....     Rnd*Tele +   k - +0 pair of boots
Stlth    ++........             i - amulet of the gourmand {Gourm, !d}
Regen    0.2/turn               p - ring of resist corrosion
MPRegen  0.2/turn               (no ring)

@: lethally poisoned (0 -> -10), can't hop, slow
A: +LOS, swims, antennae 1, hooves 1, cold resistance 1, slowness 1,
teleportitis 1, strong legs 1
a: Hop


You were on level 6 of the Dungeon.
You were completely stuffed.

You visited 2 branches of the dungeon, and saw 8 of its levels.
You also visited: Sewer.

You collected 315 gold pieces.

Inventory:

Hand Weapons
 a - a +3 short sword of electrocution (weapon)
   (You took it off a kobold on level 3 of the Dungeon)
 e - a +0 long sword
   (You found it on level 4 of the Dungeon)
Armour
 h - a +2 helmet
   (You took it off Robin on level 2 of the Dungeon)
 k - a +0 pair of boots (worn)
   (You found it on level 2 of the Dungeon)
 s - a +0 leather armour (worn)
   (You found it on level 3 of the Dungeon)
 t - a +0 pair of gloves (worn)
   (You found it on level 4 of the Dungeon)
 G - a scarf of cloud immunity (worn)
   (You found it on level 7 of the Dungeon)
Jewellery
 i - an amulet of the gourmand (around neck) {Gourm, !d}
   (You found it on level 4 of the Dungeon)
 p - a ring of resist corrosion (left hand)
   (You found it on level 4 of the Dungeon)
 A - an uncursed amulet of harm
   (You found it on level 5 of the Dungeon)
Wands
 o - a wand of digging (24/24)
   (You took it off a kobold on level 3 of the Dungeon)
 u - a wand of paralysis (11/24)
   (You found it on level 7 of the Dungeon)
 D - a wand of digging (14/24)
   (You found it on level 6 of the Dungeon)
Scrolls
 f - 3 scrolls of teleportation
 g - 2 scrolls of fear
 j - 2 scrolls of enchant weapon
 q - 6 scrolls of identify
 y - 2 scrolls of remove curse
 B - 2 scrolls of recharging
 E - 2 scrolls of fog
Potions
 d - a potion of magic
 l - a potion of agility
 r - a potion of degeneration
 v - 3 potions of heal wounds
 w - 3 potions of haste
 x - 2 potions of might
 z - a potion of curing
Books
 b - a book of Frost
 C - a book of Debilitation
   (You found it on level 6 of the Dungeon)
Comestibles
 c - 7 bread rations
 m - 3 royal jellies
 n - 2 meat rations
 F - a chunk of flesh


   Skills:
 - Level 1.0 Fighting
 + Level 10.1 Long Blades
 - Level 2.1 Dodging
 - Level 1.7 Stealth
 - Level 2.1 Spellcasting
 - Level 1.1 Conjurations
 - Level 4.0 Charms
 - Level 6.1 Ice Magic


You had 5 spell levels left.
You knew the following spells:

 Your Spells              Type           Power        Failure   Level  Hunger
a - Freeze                Ice            ###.         2%          1    #......
x - Throw Frost           Conj/Ice       ##....       10%         2    ###....
A - Ozocubu's Armour      Chrm/Ice       ###.....     11%         3    ###....


Dungeon Overview and Level Annotations

Branches:
Dungeon (7/15)             Temple (1/1) D:4

Altars:
Cheibriados
Dithmenos
Elyvilon
Fedhas
Gozag
Kikubaaqudgha
Nemelex Xobeh
Qazlal
Ru
Sif Muna
Uskayaw
Vehumet
Wu Jian
Xom
Yredelemnul
Zin
The Shining One

Annotations:
D:5 cirnu's ghost, amateur DsAK


Innate Abilities, Weirdness & Mutations

Shadows flee at your approach. (+LOS)
You can swim through water.
You cover ground slowly.
You can hop short distances.
You have a pair of small antennae on your head.
You have large cloven feet.
Your flesh is cold resistant. (rC+)
You are occasionally teleported next to monsters.


Message History

An adder comes into view.
Casting: Ozocubu's Armour
Confirm with . or Enter, or press ? or * to list all spells.
You can't see any susceptible monsters within range! (Use Z to cast anyway.)
There is an open door here.
Casting: Ozocubu's Armour
Confirm with . or Enter, or press ? or * to list all spells.
You can't see any susceptible monsters within range! (Use Z to cast anyway.)
Okay, then.
The adder hisses angrily.
Casting: Ozocubu's Armour
Confirm with . or Enter, or press ? or * to list all spells.
Aiming: Freeze
Press: ? - help, Shift-Dir - straight line, f - adder
Aim: an adder You freeze the adder.
The adder is severely wounded.
The adder bites you but does no damage.
You closely miss the adder.
The adder is severely wounded.
The adder bites you but does no damage.
You hit the adder. Lightning courses through the adder!
You kill the adder!
You see here an adder corpse.
You butcher the adder corpse.
F - a chunk of flesh
G - an embroidered scarf Wear which item (? for menu, Esc to quit)
You start putting on your armour.
You continue putting on your embroidered scarf. x4
You finish putting on your scarf of cloud immunity.
You feel immmune to the effects of clouds.
Remove which piece of jewellery? (? for menu, Esc to quit)
Okay, then.
Take off which item? (? for menu, Esc to quit)
You start removing your armour.
You continue taking off your scarf of cloud immunity. x4
You finish taking off your scarf of cloud immunity.
You feel vulnerable to the effects of clouds.
Wear which item (? for menu, Esc to quit)
You start putting on your armour.
You continue putting on your scarf of cloud immunity. x4
You finish putting on your scarf of cloud immunity.
You feel immmune to the effects of clouds.
An adder and a hippogriff come into view.
The hippogriff screeches!
Found a stone staircase leading down.
A killer bee comes into view. 2 killer bees come into view.
The killer bee buzzes angrily.
A killer bee comes into view.
The killer bee buzzes angrily.
The adder hisses angrily.
The killer bee barely misses you.
A killer bee comes into view.
The killer bee moves out of view.
The killer bee misses you. The killer bee closely misses you.
The killer bee barely misses you. The killer bee closely misses you.
The killer bee closely misses you. The killer bee stings you!
You are poisoned.
The killer bee poisons you! The killer bee stings you.
The killer bee barely misses you. x2
You feel sick.
The killer bee buzzes angrily. x2
The killer bee closely misses you. The killer bee barely misses you.
The killer bee stings you but does no damage.
You feel sick. The killer bee stings you! The killer bee closely misses you.
The killer bee stings you but does no damage.
A crimson imp comes into view.
You feel sick.
The killer bee buzzes angrily.
The killer bee stings you.
You are more poisoned.
The killer bee poisons you! The killer bee barely misses you.
A killer bee comes into view.
Casting: Freeze
Confirm with . or Enter, or press ? or * to list all spells.
Okay, then.
Hop to where?
Press: ? - help, Dir - move target cursor Boing!
You feel sick.
You feel sick.
You feel sick. The killer bee completely misses you.
There is a stone staircase leading up here.
You feel sick. The killer bee stings you. The killer bee completely misses you.
The killer bee barely misses you. The killer bee stings you.
You are more poisoned.
The killer bee poisons you! The killer bee stings you.
* * * LOW HITPOINT WARNING * * *
You climb upwards.
* * * LOW HITPOINT WARNING * * *
You feel sick.
There is a stone staircase leading down here.
* * * LOW HITPOINT WARNING * * *
You feel sick. The killer bee stings you.
* * * LOW HITPOINT WARNING * * *
The killer bee stings you.
* * * LOW HITPOINT WARNING * * *
The killer bee stings you.
You die...

#...................#.........
#.#####.######.##..###.......#
#.# #.# #.##.#####......# #.#
#.######...........#+### #.#
#.........รท.............
###.###########.##.##..###.#.###
#......................# #.#.#
###############y##.##)####.#.###
#......@>................
#.######y##.#######.##.#. #.#
#.##.# #.##... #.# #.##.#
#.###..
#.######.##.#######.###..
#........................
#.######.##.############.
#........##.# #. ###########.#
#.


You could see 2 killer bees.

Vanquished Creatures
  A phantom (D:5)
  A necrophage (D:6)
  2 bullfrogs (D:6)
  2 scorpions
  A howler monkey (D:4)
  A crimson imp (D:6)
  A jelly (D:6)
  A centaur zombie (D:6)
  2 hounds
  3 orc priests
  2 centaur skeletons (D:5)
  An iguana (D:6)
  4 orc wizards
  4 worker ants
  A hound skeleton (D:4)
  2 hound zombies
  Robin (D:2)
  16 adders
  A gnoll (D:5)
  An adder skeleton (D:5)
  6 worms
  3 dart slugs
  5 leopard geckos
  23 orcs
  5 ball pythons
  6 giant cockroaches
  12 goblins
  13 hobgoblins
  15 jackals
  16 kobolds
  3 quokkas
  10 bats
  10 frilled lizards
  A giant cockroach zombie (D:6)
  A quokka skeleton (D:4)
  11 rats
  3 plants (Sewer)
191 creatures vanquished.

Vanquished Creatures (others)
  2 plants (D:5)
2 creatures vanquished.

Grand Total: 193 creatures vanquished

Notes
Turn   | Place    | Note
-------+----------+-------------------------------------------
     0 | D:1      | MenacingMecha the Barachi Ice Elementalist began the quest for the Orb.
     0 | D:1      | Reached XP level 1. HP: 13/13 MP: 3/3
   171 | D:1      | Reached skill level 4 in Ice Magic
   353 | D:1      | Reached XP level 2. HP: 18/19 MP: 3/5
   840 | D:1      | HP: 4/19 [leopard gecko (3)]
   847 | D:1      | HP: 2/19 [bat (1)]
   848 | D:1      | Reached XP level 3. HP: 3/24 MP: 3/6
   850 | D:1      | Reached skill level 5 in Ice Magic
  1978 | D:1      | HP: 5/24 [hobgoblin/club (6)]
  2332 | D:1      | Learned a level 3 spell: Ozocubu's Armour
  2335 | D:1      | Learned a level 2 spell: Throw Frost
  2661 | D:2      | Reached skill level 1 in Charms
  2661 | D:2      | Reached XP level 4. HP: 30/30 MP: 1/7
  2970 | D:2      | Reached skill level 2 in Charms
  3400 | D:2      | Found an ornate altar of the Wu Jian Council.
  3622 | D:2      | Noticed Robin
  3635 | D:2      | Killed Robin
  3635 | D:2      | Reached skill level 3 in Charms
  3635 | D:2      | Reached XP level 5. HP: 21/35 MP: 1/8
  4171 | D:2      | Reached skill level 1 in Fighting
  4759 | D:3      | Reached skill level 6 in Ice Magic
  5584 | D:4      | Found a staircase to the Ecumenical Temple.
  5594 | Temple   | Entered the Ecumenical Temple
  5691 | D:4      | Reached skill level 4 in Charms
  5691 | D:4      | Reached XP level 6. HP: 40/43 MP: 9/9
  5708 | D:4      | Found a sparkling altar of Nemelex Xobeh.
  5734 | D:4      | Found a basalt altar of Yredelemnul.
  5814 | D:4      | Reached skill level 1 in Long Blades
  5883 | D:4      | Reached skill level 2 in Long Blades
  5933 | D:4      | Reached skill level 3 in Long Blades
  6013 | D:4      | Reached skill level 4 in Long Blades
  6115 | D:4      | Reached XP level 7. HP: 41/48 MP: 10/10
  6118 | D:4      | Found a glowing drain.
  6138 | Sewer    | Entered a sewer
  6546 | Sewer    | Reached skill level 5 in Long Blades
  7070 | D:5      | Entered Level 5 of the Dungeon
  7159 | D:5      | Found an opulent altar of Gozag.
  7189 | D:5      | Reached skill level 6 in Long Blades
  7279 | D:5      | Noticed cirnu's ghost (amateur DsAK)
  7345 | D:5      | Reached skill level 7 in Long Blades
  7380 | D:5      | HP: 12/48 [poisoned by cirnu's ghost]
  7609 | D:5      | Found a snail-covered altar of Cheibriados.
  7634 | D:5      | Found a radiant altar of Vehumet.
  7828 | D:6      | Gained mutation: You are occasionally teleported next to monsters. [potion of mutation]
  7828 | D:6      | Gained mutation: You have a pair of small antennae on your head. [potion of mutation]
  7828 | D:6      | Gained mutation: Your flesh is cold resistant. (rC+) [potion of mutation]
  7828 | D:6      | Gained mutation: You have large cloven feet. [potion of mutation]
  7858 | D:6      | Reached XP level 8. HP: 54/54 MP: 6/11
  7871 | D:6      | Reached skill level 8 in Long Blades
  8191 | D:6      | Found a hide-covered altar of Uskayaw.
  8242 | D:6      | Reached skill level 9 in Long Blades
  8423 | D:6      | Found an ancient bone altar of Kikubaaqudgha.
  8431 | D:6      | Reached skill level 10 in Long Blades
  8676 | D:7      | Noticed a hippogriff
  8691 | D:6      | HP: 12/54 [poisoned by a killer bee]
  8691 | D:6      | HP: 5/54 [killer bee (5)]
  8691 | D:6      | Slain by a killer bee

Vault maps used:
D:1:      roderic_octagonal_star
D:2:      lemuel_crystal_altar, first_bread, uniq_robin
D:4:      grunt_temple_overflow_open, minmay_temple_entry_steel_oval,
          cheibrodos_sewer_entry_bend
D:5:      lemuel_crystal_altar, kennysheep_mini_moat, cheibriados_altar_1,
          minmay_misc_feat_four_crosses, serial_bayou_pond_c
D:6:      kiku_gazebo_garden_becter, kennysheep_little_box,
          mrwooster_statue_mirror
D:7:      serial_shops, nicolae_shop_trees, nicolae_shop_statue_plus, shop,
          shop, minmay_misc_feat_columns, st_stairs_6
Temple:   kb_temple_of_zot
Sewer:    sewer_co_scattered_pipes

Skill      XL: |  1  2  3  4  5  6  7  8 |
---------------+-------------------------+-----
Ice Magic      | 4 5 6 |  6.1
Charms         | 1 3 4 |  4.0
Fighting       | 1 |  1.0
Long Blades    | 4 7 10 | 10.1
Dodging        | |  2.1
Stealth        | |  1.7
Spellcasting   | |  2.1
Conjurations   | |  1.1

Action                   |  1- 3 |  4- 6 |  7- 9 || total
-------------------------+-------+-------+-------++-------
Melee: Club              |   121 |       |       ||   121
       Whip              |       |   165 |       ||   165
       Short sword       |       |    99 |   227 ||   326
 Cast: Freeze            |    22 |    31 |    17 ||    70
       Throw Frost       |     2 |    10 |    11 ||    23
       Ozocubu's Armour  |       |     2 |     5 ||     7
 Abil: Hop               |     1 |       |     3 ||     4
  Use: Scroll            |       |     7 |     7 ||    14
       Potion            |       |       |     7 ||     7
 Stab: Sleeping          |     3 |     1 |     2 ||     6
  Eat: Chunk             |     4 |    14 |    20 ||    38
       Royal jelly       |     1 |       |       ||     1
Armor: Robe              |    37 |    38 |       ||    75
       Leather armour    |       |    29 |    54 ||    83
Dodge: Dodged            |   107 |   194 |   114 ||   415

Vault maps used:
D:1:      roderic_octagonal_star
D:2:      lemuel_crystal_altar, first_bread, uniq_robin
D:4:      grunt_temple_overflow_open, minmay_temple_entry_steel_oval,
          cheibrodos_sewer_entry_bend
D:5:      lemuel_crystal_altar, kennysheep_mini_moat, cheibriados_altar_1,
          minmay_misc_feat_four_crosses, serial_bayou_pond_c
D:6:      kiku_gazebo_garden_becter, kennysheep_little_box,
          mrwooster_statue_mirror
D:7:      serial_shops, nicolae_shop_trees, nicolae_shop_statue_plus, shop,
          shop, minmay_misc_feat_columns, st_stairs_6
Temple:   kb_temple_of_zot
Sewer:    sewer_co_scattered_pipes

Table legend:
 A = Turns spent in this place as a percentage of turns spent in the entire game.
 B = Non-inter-level travel turns spent in this place as a percentage of non-inter-level travel turns spent in the entire game.
 C = Inter-level travel turns spent in this place as a percentage of turns spent in this place.
 D = Turns resting spent in this place as a percentage of non-inter-level travel turns spent in this place.
 E = Turns spent auto-exploring this place as a percentage of non-inter-level travel turns spent in this place.
 F = Non-inter-level travel turns spent in this place divided by the number of levels of this place that you've seen.
                   A       B       C       D       E      F
               +-------+-------+-------+-------+-------+----------------------
         Total | 100.0 | 100.0 |   0.2 |   4.5 |   4.9 | 296.7
       Dungeon |  85.6 |  85.6 |   0.2 |   5.2 |   5.3 | 326.6
        Temple |   3.1 |   3.1 |   0.0 |   0.0 |   0.0 |  84.0
         Sewer |  11.2 |  11.2 |   0.0 |   0.7 |   3.3 | 300.0
               +-------+-------+-------+-------+-------+----------------------

Table legend:
 A = Kills in this place as a percentage of kills in entire the game.
 B = Kills by you in this place as a percentage of kills by you in the entire game.
 C = Kills by friends in this place as a percentage of kills by friends in the entire game.
 D = Other kills in this place as a percentage of other kills in the entire game.
 E = Experience gained in this place as a percentage of experience gained in the entire game.
 F = Experience gained in this place divided by the number of levels of this place that you have seen.
                   A       B       C       D       E      F
               +-------+-------+-------+-------+-------+----------------------
         Total | 100.0 | 100.0 |  -nan |  -nan | 100.0 | 219.1
       Dungeon |  87.8 |  87.8 |  -nan |  -nan |  96.3 | 271.3
         Sewer |  12.2 |  12.2 |  -nan |  -nan |   3.7 |  73.0
               +-------+-------+-------+-------+-------+----------------------
